 Dungeon Crawl Stone Soup version 0.25.1-2-g60ff931df9 (webtiles) character file.

Game seed: 13872949857593796179

12075 Joresh2 the Slicer (level 11, -8/97 HPs)
             Began as a Minotaur Fighter on Sept 3, 2020.
             Was a Priest of the Shining One.
             Mangled by Snorg (18 damage)
             ... on level 10 of the Dungeon.
             The game lasted 00:39:00 (10555 turns).

Joresh2 the Slicer (Minotaur Fighter)              Turns: 10555, Time: 00:39:01

Health: -8/97      AC: 17    Str: 24    XL:     11   Next: 57%
Magic:  11/11      EV:  8    Int:  5    God:    the Shining One [***...]
Gold:   588        SH:  5    Dex: 12    Spells: 10/10 levels left

rFire    + . .     SeeInvis +   K - +3 battleaxe "Goblinbane" {protect, rPois rN++}
rCold    . . .     Gourm    .   (shield currently unavailable)
rNeg     + + +     Faith    .   L - +3 chain mail {rF+}
rPois    +         Spirit   .   C - +1 hat
rElec    .         Reflect  +   (no cloak)
rCorr    .         Harm     .   (no gloves)
MR       +....                  u - +0 pair of boots
Stlth    ..........             g - amulet of reflection
HPRegen  0.26/turn              I - ring of see invisible
MPRegen  0.12/turn              A - ring of protection from magic

@: flying, hasted, glowing, very quick
A: retaliatory headbutt, horns 2, agile 1, wild magic 1
a: Divine Shield, Renounce Religion


You were on level 10 of the Dungeon.
You worshipped the Shining One.
The Shining One was most pleased with you.
You were not hungry.

You visited 2 branches of the dungeon, and saw 11 of its levels.

You collected 588 gold pieces.

Inventory:

Hand Weapons
 a - a +0 flail
 p - a +0 short sword of freezing
 t - a +2 short sword of speed
 v - a +1 shortbow of flaming
 K - the +3 battleaxe "Goblinbane" (weapon) {protect, rPois rN++}
   (You found it on level 9 of the Dungeon)

   It grants its wielder temporary protection when it strikes (+7 to AC).
   It protects you from poison.
   It greatly protects you from negative energy.
Missiles
 h - 6 javelins
 j - 11 boomerangs (quivered)
 x - 194 arrows
Armour
 b - a +0 scale mail
 c - a +0 kite shield
 u - a +0 pair of boots (worn)
 w - a +0 plate armour
 y - a +0 chain mail
 C - a +1 hat (worn)
 F - +0 acid dragon scales
 L - a +3 chain mail of fire resistance (worn)
 R - a +0 pair of boots
Magical Staves
 O - an uncursed staff of summoning
Jewellery
 g - an amulet of reflection (around neck)
 A - a ring of protection from magic (right hand)
 D - an uncursed amulet of magic regeneration
 G - an uncursed ring of ice
 H - an uncursed ring of teleportation
 I - a ring of see invisible (left hand)
 J - the ring of the Two Names {rF+ Stlth+}
   (You found it on level 9 of the Dungeon)

   [ring of stealth]

   It protects you from fire.
   It makes you more stealthy.
 S - an uncursed amulet of regeneration
Wands
 l - a wand of flame (23)
 q - a wand of acid (12)
 z - a wand of polymorph (8)
 P - a wand of enslavement (11)
Scrolls
 e - 5 scrolls of teleportation
 s - 8 scrolls of identify
 E - a scroll of amnesia
 Q - a scroll of blinking
 T - 2 scrolls of remove curse
Potions
 i - a potion of haste
 k - a potion of flight
 m - 5 potions of curing
 n - a potion of stabbing
 o - 2 potions of lignification
 r - 2 potions of ambrosia
 U - a potion of cancellation {unknown}
Miscellaneous
 M - a lightning rod (4/4)
 N - a phial of floods
Comestibles
 d - a chunk of flesh
 f - 23 rations


   Skills:
 + Level 9.5 Fighting
 - Level 11.3 Short Blades
 * Level 6.1(6.3) Axes
 + Level 2.4(4.6) Maces & Flails
 + Level 10.8 Armour
 + Level 10.6 Shields
 * Level 1.9 Invocations
 * Level 1.9 Evocations


You had 10 spell levels left.
You didn't know any spells.
Your spell library contained the following spells:

 Spells                   Type           Power        Failure   Level  Hunger
 Apportation              Tloc           #.....       97%         1    ##.....
 Summon Butterflies       Summ           #.......     97%         1    ##.....
 Lesser Beckoning         Tloc           #.........   100%        3    ####...
 Tukima's Dance           Hex            #.......     100%        3    ####...
 Alistair's Intoxication  Tmut/Pois      #.......     100%        5    ######.
 Invisibility             Hex            #.......     100%        6    #######


Dungeon Overview and Level Annotations

Branches:
Dungeon (10/15)            Temple (1/1) D:5            Lair (0/6) D:9
    Orc (0/2) D:10

Altars:
Ashenzari
Cheibriados
Dithmenos
Elyvilon
Fedhas
Gozag
Hepliaklqana
Kikubaaqudgha
Makhleb
Nemelex Xobeh
Okawaru
Qazlal
Ru
Sif Muna
Trog
Uskayaw
Vehumet
Wu Jian
Xom
Yredelemnul
Zin
The Shining One

Annotations:
D:10 Snorg


Innate Abilities, Weirdness & Mutations

You reflexively headbutt those who attack you in melee.
You have a pair of horns on your head.
You are agile. (Dex +2)
Your spells are a little harder to cast, but a little more powerful.


Message History

You fly up into the air.
Snorg barely misses you. You furiously retaliate!
You headbutt Snorg! Snorg claws you but does no damage. Snorg claws you!
Snorg barely misses you. You block Snorg's attack.
Snorg claws you but does no damage.
Unknown command.
You feel yourself speed up. Snorg bites you. Snorg claws you!
* * * LOW HITPOINT WARNING * * *
Snorg completely misses you.
You closely miss Snorg.
Snorg is heavily wounded.
Snorg bites you.
* * * LOW HITPOINT WARNING * * *
Snorg claws you.
* * * LOW HITPOINT WARNING * * *
Snorg closely misses you. Snorg bites you!
* * * LOW HITPOINT WARNING * * *
Snorg claws you but does no damage. Snorg claws you!
* * * LOW HITPOINT WARNING * * *
You feel better. Snorg bites you!!
You die...

#......#
##....###.....###...
#...)..# ##....#.......#....
#......# ###.............##
#......# ####.......####
####......######...####>####
#.....................###
#......................
#......................
#....##'######.@.......
#....#.......#.T.......
#....#.......#..<......
#....#.......#.........
......#.......#.........
......#.......#....#'###
......#########....#..
....... .....# ..


You could see Snorg (berserk).

Vanquished Creatures
  Gastronok (D:8)
  Josephine (D:9)
  2 two-headed ogres
  Pikel (D:8)
  A hornet (D:9)
  3 trolls
  A hippogriff (D:8)
  5 wraiths
  A wyvern (D:10)
  9 yaks
  A warg (D:10)
  An acid dragon (D:9)
  5 orc warriors
  4 ice beasts
  3 phantoms
  A sky beast (D:5)
  5 ogres
  5 centaurs
  A crocodile (D:9)
  8 bullfrogs
  A wyvern zombie (D:9)
  3 scorpions
  5 killer bees (D:8)
  2 howler monkeys (D:9)
  8 crimson imps
  A jelly (D:6)
  2 quasits
  6 orc priests
  3 bullfrog skeletons
  2 centaur zombies
  4 hounds
  A centaur skeleton (D:7)
  3 iguanas
  6 orc wizards
  2 worker ants
  A killer bee zombie (D:9)
  A hound zombie (D:7)
  A howler monkey zombie (D:3)
  6 adders
  3 gnolls (D:3)
  A howler monkey skeleton (D:9)
  An ooze (D:7)
  3 adder zombies
  3 worms
  3 dart slugs (D:1)
  6 leopard geckos
  45 orcs
  4 bats
  A bat zombie (D:2)
  8 giant cockroaches
  7 goblins
  6 hobgoblins
  20 jackals
  9 kobolds
  6 quokkas
  A ball python zombie (D:2)
  6 frilled lizards
  A leopard gecko zombie (D:2)
  2 quokka skeletons (D:6)
  29 rats
282 creatures vanquished.

Notes
Turn   | Place    | Note
-------+----------+-------------------------------------------
     0 | D:1      | Joresh2 the Minotaur Fighter began the quest for the Orb.
     0 | D:1      | Reached XP level 1. HP: 19/19 MP: 0/0
    90 | D:1      | Reached XP level 2. HP: 23/27 MP: 1/1
   464 | D:1      | Reached XP level 3. HP: 33/33 MP: 2/2
   873 | D:1      | Reached skill level 1 in Short Blades
  1061 | D:2      | Reached XP level 4. HP: 38/41 MP: 3/3
  1578 | D:2      | Reached skill level 2 in Short Blades
  1934 | D:3      | Reached skill level 5 in Shields
  1934 | D:3      | Reached XP level 5. HP: 47/47 MP: 4/4
  2113 | D:3      | Reached skill level 3 in Short Blades
  2164 | D:3      | Reached XP level 6. HP: 34/53 MP: 5/5
  2174 | D:3      | Gained mutation: You are agile. (Dex +2) [potion of
                  | mutation]
  2174 | D:3      | Gained mutation: Your spells are a little harder to cast,
                  | but a little more powerful. [potion of mutation]
  2188 | D:3      | Reached skill level 5 in Armour
  2956 | D:4      | Reached skill level 4 in Short Blades
  3659 | D:5      | Entered Level 5 of the Dungeon
  3745 | D:5      | Reached XP level 7. HP: 43/60 MP: 6/6
  3860 | D:5      | Reached skill level 5 in Fighting
  3909 | D:5      | Reached skill level 5 in Short Blades
  4678 | D:5      | Reached XP level 8. HP: 26/70 MP: 7/7
  5014 | D:5      | Found a staircase to the Ecumenical Temple.
  5023 | Temple   | Entered the Ecumenical Temple
  5238 | Temple   | Became a worshipper of the Shining One
  5372 | D:5      | Reached skill level 6 in Short Blades
  5667 | D:6      | Reached skill level 7 in Short Blades
  6067 | D:6      | Reached * piety under the Shining One
  6444 | D:7      | Reached XP level 9. HP: 78/78 MP: 8/8
  6589 | D:7      | Reached skill level 8 in Short Blades
  6617 | D:7      | Noticed Pikel
  6705 | D:8      | Killed Pikel
  7099 | D:8      | Noticed Gastronok
  7128 | D:8      | Killed Gastronok
  7128 | D:8      | Reached skill level 10 in Short Blades
  7128 | D:8      | Reached XP level 10. HP: 61/88 MP: 9/9
  7941 | D:8      | Reached skill level 10 in Shields
  8196 | D:9      | Reached ** piety under the Shining One
  8210 | D:9      | Paralysed by a hornet for 3 turns
  8218 | D:9      | Reached skill level 10 in Armour
  8423 | D:9      | Noticed a two-headed ogre
  8436 | D:9      | Killed a two-headed ogre
  8436 | D:9      | Reached skill level 11 in Short Blades
  8691 | D:9      | Reached XP level 11. HP: 90/97 MP: 10/10
  8975 | D:9      | Got a sparkling bone ring
  8976 | D:9      | Got a warped battleaxe
  8977 | D:9      | Identified the +3 battleaxe "Goblinbane" {protect, rPois
                  | rN++} (You found it on level 9 of the Dungeon)
  8978 | D:9      | Identified the ring of the Two Names {rF+ Stlth+} (You
                  | found it on level 9 of the Dungeon)
  9352 | D:9      | Found a staircase to the Lair.
  9395 | D:9      | Reached skill level 1 in Axes
  9441 | D:9      | Found a glowing silver altar of Zin.
  9503 | D:10     | Entered Level 10 of the Dungeon
  9570 | D:10     | Noticed Josephine
  9571 | D:10     | Reached *** piety under the Shining One
  9590 | D:9      | Killed Josephine
  9611 | D:9      | Reached skill level 1 in Invocations
  9611 | D:9      | Reached skill level 1 in Evocations
  9752 | D:10     | Noticed a two-headed ogre
  9759 | D:10     | Killed a two-headed ogre
  9759 | D:10     | Reached skill level 5 in Axes
 10052 | D:10     | Found a staircase to the Orcish Mines.
 10540 | D:10     | Noticed Snorg
 10554 | D:10     | HP: 1/97 [Snorg (11)]
 10555 | D:10     | Mangled by Snorg

Illustrated notes

Levels and vault maps discovered:
D:1:      minmay_arrival_cross, layout_loops_corners, corexii_leaking_fountain,
          minmay_misc_feat_enclosed, minmay_quantized
D:2:      layout_basic, serial_undead, serial_undead_c, serial_undead_d,
          serial_undead_c, serial_undead_c
D:3:      layout_rooms, minmay_misc_feat_x, minmay_rat_hole
D:4:      layout_loops_corners
D:5:      layout_gridville, lemuel_temple_firewalk_b, first_ration
D:6:      layout_gridville
D:7:      layout_basic, serial_curves, eino_curves_04, eino_curves_04,
          eino_curves_03, eino_curves_01, uniq_pikel
D:8:      layout_cave_pods, uniq_gastronok
D:9:      minmay_the_grid_plus_closed [minmay_the_grid_box_x,
          minmay_the_grid_tiny_cups, minmay_the_grid_empty,
          minmay_the_grid_stretched_grid,
          minmay_the_grid_prize_shrinking_boxes], layout_irregular_city,
          kennysheep_mini, dpeg_oklobed_lair
D:10:     layout_irregular_city, david_orc_1_choice, minivault_10, the_bakery,
          uniq_grum, uniq_josephine, uniq_snorg, uniq_fannar
Temple:   minmay_crystal_snake_temple

Skill      XL: |  1  2  3  4  5  6  7  8  9 10 11 |
---------------+----------------------------------+-----
Shields        | 4 5 6 7 9 10 | 10.6
Fighting       | 4 5 6 7 9 |  9.5
Armour         | 4 5 6 7 9 10 | 10.8
Short Blades   | 1 2 3 4 5 7 10 11 | 11.3
Axes           | 6 |  6.1
Invocations    | 1 |  1.9
Evocations     | 1 |  1.9
Maces & Flails | |  2.4

Action                   |  1- 3 |  4- 6 |  7- 9 | 10-12 || total
-------------------------+-------+-------+-------+-------++-------
Melee: Short sword       |   112 |   249 |   333 |   207 ||   901
       Flail             |     3 |       |       |       ||     3
       Headbutt          |    16 |    53 |    82 |    80 ||   231
       Battleaxe         |       |       |       |   101 ||   101
  Use: Scroll            |       |     8 |     8 |     5 ||    21
       Potion            |       |     1 |       |     6 ||     7
  Eat: Chunk             |     1 |     8 |     7 |    12 ||    28
       Ration            |       |       |     1 |       ||     1
Armor: Scale mail        |    45 |    72 |    41 |       ||   158
       Chain mail        |       |       |    31 |   136 ||   167
       Acid dragon scale |       |       |       |     8 ||     8
Dodge: Dodged            |    43 |    38 |    67 |   107 ||   255
Block: Kite shield       |    68 |   122 |   144 |    74 ||   408
       Other             |       |       |       |    16 ||    16
       Reflection        |       |       |       |     2 ||     2
